 Dungeon Crawl Stone Soup version 0.17-a0-917-gc6f4cb3 (webtiles) character file.

371 hyperdrive the Ducker (level 6, -5/61 HPs)
             Began as a Troll Berserker on May 4, 2015.
             Was a Believer of Trog.
             Engulfed by a cloud of flame (14 damage)
             ... on level 3 of the Dungeon.
             The game lasted 00:22:22 (2392 turns).

hyperdrive the Ducker (Troll Berserker)             Turns: 2392, Time: 00:22:27

Health: -5/61      AC:  5    Str: 28    XL:     6   Next: 42%
Magic:  5/5        EV: 11    Int:  3    God:    Trog [**....]
Gold:   133        SH:  0    Dex:  9    Spells: 0 memorised, 5 levels left

rFire  . . .     SeeInvis .     a - +0 mace
rCold  . . .     Clarity  +     b - +0 animal skin
rNeg   . . .     SustAb   .     (no shield)
rPois  .         Gourm    +     (helmet restricted)
rElec  .         Spirit   .     (no cloak)
rCorr  .         Warding  .     (gloves unavailable)
rMut   .         Stasis   .     (boots unavailable)
MR     +++..                    g - amulet of clarity
Stlth  +.........               (no ring)
                                F - ring of protection from magic

@: very slightly contaminated, regenerating, extremely resistant to hostile
enchantments, very unstealthy
A: unfitting armour, claws 3, fast metabolism 3, gourmand, regeneration 2,
shaggy fur 1, tough skin 2
a: Burn Spellbooks, Berserk, Trog's Hand, Renounce Religion


You were on level 3 of the Dungeon.
You worshipped Trog.
Trog was pleased with you.
You were not hungry.

You visited 1 branch of the dungeon, and saw 3 of its levels.

You collected 133 gold pieces.

Inventory:

Hand weapons
 a - a +0 mace (weapon)
 x - a +0 whip
 y - a +0 hand axe
 C - a +0 hunting sling
 I - a +0 hunting sling
Missiles
 l - 9 bolts of flame
 m - 15 sling bullets
 n - 14 bolts
 r - 94 stones (quivered)
 K - 28 arrows
Armour
 b - a +0 animal skin (worn)
 u - a +0 robe
 z - a +0 cloak
 G - a cursed +0 robe
Jewellery
 g - an amulet of clarity (around neck)
 F - a ring of protection from magic (left claw)
Magical devices
 H - a wand of lightning (0)
 L - a wand of draining (7)
Scrolls
 h - a scroll of enchant weapon {unknown}
 i - a scroll of teleportation {unknown}
 k - a scroll of amnesia
 s - a scroll of immolation
 t - 2 scrolls of identify
 w - 2 scrolls of remove curse
 B - a scroll of fear {unknown}
Potions
 f - a potion of degeneration {unknown}
 j - a potion of flight {unknown}
 o - 2 potions of brilliance
 q - a potion of magic
 E - a potion of might {unknown}
 J - a potion of ambrosia {unknown}
Comestibles
 c - 2 bread rations
 p - 2 meat rations
 v - a beef jerky
 A - 3 fruits
 D - a slice of pizza
 M - 2 chunks of flesh


   Skills:
 + Level 3.4 Fighting
 + Level 4.2 Maces & Flails
 + Level 0.3 Throwing
 + Level 4.4 Dodging
 + Level 0.3 Stealth


You had 5 spell levels left.
You didn't know any spells.

Dungeon Overview and Level Annotations

Branches:
Dungeon (3/15)

Altars:
Xom


Innate Abilities, Weirdness & Mutations

You are too large for most types of armour.
You have claws for hands.
Your metabolism is lightning-fast.
You like to eat raw meat.
You heal very quickly.
You are covered in fur (AC +1).
You have very tough skin (AC +2).


Message History

Nothing appears to happen.
The crimson imp misses you. The gnoll closely misses you. The gnoll misses you.
You closely miss the crimson imp.
The crimson imp blinks!
The gnoll barely misses you. The gnoll hits you but does no damage.
Zapping:
L - a wand of draining {zapped: 2} (will waste charges)
Press: ? - help, Shift-Dir - straight line, f/p - crimson imp
Aim: a crimson imp The bolt of negative energy hits the gnoll.
The gnoll is drained!
The gnoll explodes!
The fiery explosion engulfs you!
* * * LOW HITPOINT WARNING * * *
The fiery explosion engulfs the gnoll.
The gnoll explodes!
Trog accepts your kill. x2
The bolt of negative energy hits the crimson imp.
The crimson imp completely resists.
Evoking this partially-identified wand wasted a few charges.
You are engulfed in roaring flames.
You die...

#######........# #........
##..........#...# #........
#.....#####.#...# #........
#..##.#.....#...######........
###..
#.#.#####...#......#####.#
...... #.#.# #..>#......# #.#
.....# #.#.# #...#......# #.#
#.##.# #%#.# #...#......# #..
#....###.#.# #@§.#......# #.#
#........#.# ###§§.#.....>#
### #.##.#####.#
#.§§§.).%....# ..##.# ###.#
#.§.§...%....# .....# #.#.#
#.5..........# .#.### #...#
#..(....###### ...#
#.#####...(...# .#.#
#.......(....%# .#.#
####.....##########


You could see a crimson imp.

Vanquished Creatures
  Sigmund (D:2)
  2 crimson imps (D:3)
  A worker ant (D:3)
  3 gnolls (D:3)
  2 adders
  2 worms (D:3)
  6 bats
  7 goblins
  14 hobgoblins
  7 jackals (D:2)
  3 kobolds (D:3)
  A quokka (D:2)
  7 giant cockroaches
  5 giant newts
  3 rats (D:2)
64 creatures vanquished.

Notes
Turn   | Place    | Note
--------------------------------------------------------------
     0 | D:1      | hyperdrive, the Troll Berserker, began the quest for the Orb.
     0 | D:1      | Reached XP level 1. HP: 22/22 MP: 0/0
   195 | D:1      | Reached XP level 2. HP: 26/29 MP: 1/1
   250 | D:1      | Reached skill level 3 in Maces & Flails
   912 | D:2      | Acquired Trog's second power
   915 | D:2      | Reached XP level 3. HP: 36/36 MP: 2/2
   981 | D:2      | Noticed Sigmund
  1001 | D:2      | Killed Sigmund
  1001 | D:2      | Reached skill level 4 in Maces & Flails
  1001 | D:2      | Reached XP level 4. HP: 30/45 MP: 3/3
  1001 | D:2      | Reached XP level 5. HP: 35/53 MP: 4/4
  2219 | D:3      | Found a shimmering altar of Xom.
  2243 | D:3      | Reached XP level 6. HP: 61/61 MP: 5/5
  2392 | D:3      | Engulfed by a cloud of flame

Action                   |  1- 3 |  4- 6 || total
-------------------------+-------+-------++-------
Melee: Mace              |    98 |   149 ||   247
Throw: Stone             |     5 |    15 ||    20
Invok: Berserk           |     2 |     1 ||     3
       Trog's Hand       |     1 |     2 ||     3
Evoke: Wand              |       |     4 ||     4
  Use: Potion            |     1 |     2 ||     3
       Scroll            |       |     7 ||     7
  Eat: Chunk             |     3 |    15 ||    18
       Bread ration      |     1 |       ||     1
       Fruit             |       |     1 ||     1
